 Dungeon Crawl Stone Soup version 0.29-a0-330-g52719c12eb (webtiles) character file.

Game seed: 11094305635510983805

2081 Ajdolov the Cruncher (level 9, -2/74 HPs)
             Began as a Formicid Fighter on Apr 18, 2022.
             Slain by an orc warrior
             ... wielding a +0 halberd
              (5 damage)
             ... on level 6 of the Dungeon.
             The game lasted 00:10:21 (6647 turns).

Ajdolov the Cruncher (Formicid Fighter)             Turns: 6647, Time: 00:10:22

Health: -2/74      AC: 12    Str: 25    XL:     9   Next: 51%
Magic:  9/9        EV: 10    Int:  8    God:
Gold:   357        SH:  4    Dex: 10    Spells: 8/8 levels left

rFire   + + .      SeeInvis +   a - +0 quarterstaff
rCold   + . .      Faith    .   c - +0 buckler
rNeg    + + .      Spirit   .   o - +5 ring mail of Qoluent {*Slow rF++ rN++}
rPois   .          Reflect  .   (helmet unavailable)
rElec   .          Harm     .   (no cloak)
rCorr   .          Rampage  .   x - +1 pair of gloves
Will    +....                   (no boots)
Stlth   ..........              (no amulet)
HPRegen 0.22/turn               g - ring of protection from cold
MPRegen 0.11/turn               y - ring of willpower

@: mighty
A: permanent stasis, dig shafts and tunnels, antennae 3, four strong arms
a: Dig, Shaft Self


You were on level 6 of the Dungeon.
You visited 2 branches of the dungeon, and saw 8 of its levels.

You collected 357 gold pieces.

Inventory:

Hand Weapons
 a - a +0 quarterstaff (weapon)
Missiles
 t - a curare-tipped dart
 z - a throwing net
Armour
 c - a +0 buckler (worn)
 o - the +5 ring mail of Qoluent (worn) {*Slow rF++ rN++}
   (You found it on level 2 of the Dungeon)

   rF:        It greatly protects you from fire.
   rN:        It greatly protects you from negative energy.
   *Slow:     It may slow you when you take damage.
 x - a +1 pair of gloves (worn)
Jewellery
 g - a ring of protection from cold (left hand)
 y - a ring of willpower (right hand)
Wands
 b - a wand of polymorph (11)
Scrolls
 e - 5 scrolls of teleportation {unknown}
 h - 5 scrolls of identify {unknown}
 i - 2 scrolls of blinking {unknown}
 s - a scroll of enchant weapon {unknown}
 u - 2 scrolls of immolation {unknown}
Potions
 d - a potion of brilliance {unknown}
 f - a potion of magic {unknown}
 j - a potion of lignification {unknown}
 k - 2 potions of mutation {unknown}
 l - 2 potions of attraction {unknown}
 m - 2 potions of curing {unknown}
 n - 2 potions of flight
 p - a potion of invisibility {unknown}
 q - 2 potions of berserk rage {unknown}
 r - 2 potions of resistance {unknown}
 v - a potion of degeneration {unknown}


   Skills:
 + Level 8.2 Fighting
 * Level 10.0 Staves
 - Level 3.2 Armour
 - Level 3.6 Shields


You had 8 spell levels left.
You didn't know any spells.
Your spell library contained the following spells:

 Spells                   Type           Power      Damage    Failure   Level
 Summon Small Mammal      Summ           0%         N/A       63%         1
 Corpse Rot               Necr/Air       0%         N/A       77%         2
 Poisonous Vapours        Pois/Air       0%         N/A       77%         2
 Static Discharge         Conj/Air       0%         N/A       77%         2
 Petrify                  Tmut/Erth      0%         N/A       100%        4
 Lightning Bolt           Conj/Air       0%         1d11      100%        5
 Metabolic Englaciation   Hex/Ice        0%         N/A       100%        5
 Statue Form              Tmut/Erth      0%         N/A       100%        6
 Maxwell's Capacitive Co  Air            0%         ∞         100%        8


Dungeon Overview and Level Annotations

Branches:
Dungeon (7/15)             Temple (1/1) D:6

Altars:
Ashenzari
Cheibriados
Dithmenos
Fedhas
Gozag
Hepliaklqana
Kikubaaqudgha
Qazlal
Sif Muna
Trog
Uskayaw
Vehumet
Wu Jian
Yredelemnul
Zin
The Shining One

Shops:
D:6 (


Innate Abilities, Weirdness & Mutations

You cannot be hasted, slowed, berserked, paralysed or teleported.
You can dig through walls and to a lower floor.
You have a pair of large antennae on your head. (SInv)
Your four strong arms can wield two-handed weapons with a shield.


Message History

You barely miss the orc. You thump the orc!
You kill the orc!
You hit the orc but do no damage. The orc hits you but does no damage.
You sock the orc!
You kill the orc!
The orc warrior hits you from afar with a +0 halberd!
The orc warrior hits you but does no damage.
Items here: )) [ †.
You hit the orc warrior but do no damage.
You block the orc warrior's attack.
You hit the orc warrior.
The orc warrior is lightly wounded.
The orc warrior closely misses you.
You hit the orc warrior.
The orc warrior is moderately wounded.
The orc warrior barely misses you.
You barely miss the orc warrior.
The orc warrior is moderately wounded.
You closely miss the orc warrior.
The orc warrior is moderately wounded.
The orc warrior barely misses you.
You hit the orc warrior but do no damage.
The orc warrior is moderately wounded.
The orc warrior closely misses you.
You barely miss the orc warrior.
The orc warrior is moderately wounded.
The orc warrior hits you with a +0 halberd!
You closely miss the orc warrior.
The orc warrior is moderately wounded.
The orc warrior hits you with a +0 halberd!
You hit the orc warrior.
The orc warrior is moderately wounded.
You barely miss the orc warrior.
The orc warrior is moderately wounded.
The orc warrior hits you with a +0 halberd!!
* * * LOW HITPOINT WARNING * * *
You feel very mighty all of a sudden.
The orc warrior hits you with a +0 halberd.
You die...

.......# .......#
(.....># .......#
...[...#####
...........#
...........#######
#######.........o# #
#....#####@# ##
#....#.....# .####
#...>#.########
....###....#.#(....(#
###...###.##.∩....(.#
...##.###....#(..(..#
...##........########
...######........#
...# #......###


You could see an orc warrior.

Vanquished Creatures
  A shadow (D:6)
  Duvessa (D:4)
  An ice beast (D:6)
  A black bear (D:6)
  A centaur (D:5)
  A kobold brigand (D:6)
  A gnoll sergeant (D:5)
  3 scorpions
  3 wights
  Dowan (D:4)
  6 killer bees (D:5)
  A howler monkey (D:6)
  3 jellies
  5 hounds
  An orc priest (D:5)
  An iguana (D:5)
  8 orc wizards
  3 gnolls (D:5)
  7 adders
  A shadow imp (D:5)
  2 white imps
  2 ufetubi (D:5)
  3 worms (D:2)
  2 dart slugs
  12 orcs
  7 ball pythons
  7 endoplasms
  5 giant cockroaches
  4 hobgoblins
  5 quokkas
  3 training dummies (D:6)
  5 bats
  A frilled lizard (D:1)
  12 goblins
  12 kobolds
  9 rats
141 creatures vanquished.

Vanquished Creatures (others)
  An orc wizard (D:3)
1 creature vanquished.

Grand Total: 142 creatures vanquished

Notes
Turn   | Place    | Note
-------+----------+-------------------------------------------
     0 | D:1      | Ajdolov the Formicid Fighter began the quest for the Orb.
     0 | D:1      | Reached XP level 1. HP: 18/18 MP: 1/1
    43 | D:1      | Reached XP level 2. HP: 18/24 MP: 2/2
   376 | D:1      | Reached XP level 3. HP: 28/30 MP: 3/3
   453 | D:1      | Reached skill level 3 in Staves
   759 | D:2      | Identified the +5 ring mail of Qoluent {*Slow rF++ rN++}
   828 | D:2      | Reached XP level 4. HP: 37/37 MP: 4/4
   828 | D:2      | Found a snail-covered altar of Cheibriados.
  1163 | D:2      | Found a faded altar of an unknown god.
  1292 | D:2      | Reached skill level 4 in Staves
  1336 | D:2      | Reached XP level 5. HP: 42/42 MP: 5/5
  2410 | D:3      | Found an ancient bone altar of Kikubaaqudgha.
  2425 | D:3      | Found a shimmering blue altar of Sif Muna.
  2448 | D:3      | Reached XP level 6. HP: 39/49 MP: 6/6
  2449 | D:3      | Reached skill level 5 in Staves
  2563 | D:3      | Found a radiant altar of Vehumet.
  2573 | D:3      | Reached skill level 5 in Fighting
  2593 | D:3      | Got Sif Muna's Guide on Calling
  2730 | D:4      | Found the -2 hat of the Alchemist {rElec rPois rF+ rC+ rN+
                  | Will+ rMut rCorr}
  2826 | D:3      | Reached XP level 7. HP: 39/56 MP: 7/7
  2997 | D:4      | Noticed Duvessa
  2997 | D:4      | Noticed Dowan
  3046 | D:4      | Killed Duvessa
  3047 | D:4      | Reached skill level 6 in Staves
  3053 | D:4      | Killed Dowan
  3651 | D:5      | Entered Level 5 of the Dungeon
  3686 | D:5      | Found a hazy altar of Hepliaklqana.
  3859 | D:5      | Reached skill level 7 in Staves
  3859 | D:5      | Reached XP level 8. HP: 26/64 MP: 8/8
  4312 | D:5      | Reached skill level 8 in Staves
  4565 | D:5      | Found an opulent altar of Gozag.
  5405 | D:6      | Reached XP level 9. HP: 28/72 MP: 9/9
  5637 | D:5      | Reached skill level 9 in Staves
  5817 | D:6      | Found Nefezar's Firing Range.
  5983 | D:6      | Found a stormy altar of Qazlal.
  6225 | D:6      | Found a staircase to the Ecumenical Temple.
  6352 | Temple   | Entered the Ecumenical Temple
  6508 | D:7      | Reached skill level 10 in Staves
  6646 | D:6      | HP: 3/74 [orc warrior/+0 halberd (20)]
  6647 | D:6      | Slain by an orc warrior

Illustrated notes

Levels and vault maps discovered:
D:1:      denvon_arrival_waterhouse, layout_basic
D:2:      layout_basic, ebering_ecumenical_altar_box, basic_altar
D:3:      layout_loops_ring, palyth_temple_overflow_mages
D:4:      layout_basic, uniq_duvessa
D:5:      layout_basic, mainiacjoe_overflow_cross_hatched,
          nicolae_gozag_cash_rules_everything_around_me, serial_curves,
          eino_curves_04, eino_curves_02, glass_columns_a
D:6:      layout_rooms, old_standard_altar, lemuel_temple_firewalk_b,
          nicolae_shop_firing_range
D:7:      layout_rooms, minmay_chambers_of_fives
Temple:   cyrus_temple_forest

Skill      XL: |  1  2  3  4  5  6  7  8  9 |
---------------+----------------------------+-----
Staves         | 3 4 5 7 8 10 | 10.0
Fighting       | 4 5 6 7 8 |  8.2
Armour         | |  3.2
Shields        | |  3.6

Action                   |  1- 3 |  4- 6 |  7- 9 || total
-------------------------+-------+-------+-------++-------
Melee: Quarterstaff      |    80 |   187 |   273 ||   540
 Abil: Dig               |       |       |     4 ||     4
  Use: Potion            |       |       |     6 ||     6
Armor: Scale mail        |    52 |       |       ||    52
       Ring mail         |     6 |   107 |   138 ||   251
Dodge: Dodged            |    53 |    76 |   153 ||   282
Block: Buckler           |    18 |    40 |    63 ||   121

Table legend: (Time is in decaauts)
 A = Elapsed time spent in this place.
 B = Non-inter-level travel time spent in this place.
 C = Inter-level travel time spent in this place.
 D = Time resting spent in this place.
 E = Time spent auto-exploring this place.
 F = Levels seen in this place.
 G = Mean time per level.
                   A        B        C        D        E       F      G
               +--------+--------+--------+--------+--------+-----+--------+
         Total |   6669 |   6381 |    288 |   1472 |   3498 |   8 |  833.6 |
       Dungeon |   6583 |   6321 |    262 |   1472 |   3455 |   7 |  940.4 |
        Temple |     85 |     59 |     26 |      0 |     43 |   1 |   85.0 |
               +--------+--------+--------+--------+--------+-----+--------+

Top non-repeatable levels by time:
     D:5: 1895 daAuts
     D:3: 1169 daAuts
     D:2: 1045 daAuts
     D:6: 874 daAuts
     D:1: 757 daAuts
     D:4: 717 daAuts
     D:7: 123 daAuts
  Temple: 85 daAuts
